 Dungeon Crawl Stone Soup version 0.27-a0-1177-g245c70e1c0 (webtiles) character file.

Game seed: 16137371857608788374

140 mandarbmax the Magician (level 5, 0/35 HPs)
             Began as a Djinni Ice Elementalist on May 16, 2021.
             Killed by divine providence
             ... invoked by an orc priest
              (9 damage)
             ... on level 4 of the Dungeon.
             The game lasted 00:10:54 (4643 turns).

mandarbmax the Magician (Djinni Ice Elementalist)   Turns: 4643, Time: 00:10:59

Health: 0/35       AC:  8    Str:  7    XL:     5   Next: 46%
Gold:   45         EV: 10    Int: 17    God:
                   SH:  0    Dex: 20

rFire    + + .     SeeInvis .   f - +0 quarterstaff
rCold    x . .     Faith    .   (shield currently unavailable)
rNeg     + . .     Spirit   .   j - +0 ring mail
rPois    ∞         Reflect  .   (no helmet)
rElec    .         Harm     .   (no cloak)
rCorr    .         Rampage  .   (no gloves)
Will     .....                  (boots unavailable)
Stlth    ++........             (no amulet)
HPRegen  0.11/turn              b - +6 ring of dexterity
MPRegen  0.00/turn              h - ring of positive energy

@: ice-armoured, freezing walls, flying, very slightly contaminated
A: sickness immunity, fire resistance 2, cold vulnerability 1, float, innate
caster, hp casting, extra vitality 1
a: no special abilities


You were on level 4 of the Dungeon.
You visited 1 branch of the dungeon, and saw 4 of its levels.

You collected 149 gold pieces.
You spent 104 gold pieces at shops.

Inventory:

Hand Weapons
 f - a +0 quarterstaff (weapon)
Missiles
 g - 36 poisoned darts
Armour
 a - a +0 robe
 j - a +0 ring mail (worn)
 k - a +0 buckler
Jewellery
 b - a +6 ring of dexterity (left hand)
 h - a ring of positive energy (right hand)
 q - a ring of resist corrosion
Scrolls
 c - a scroll of brand weapon {unknown}
 i - a scroll of magic mapping
 n - a scroll of immolation {unknown}
 o - a scroll of teleportation {unknown}
 p - a scroll of torment {unknown}
 r - a scroll of amnesia {unknown}
 t - a scroll of blinking
Potions
 d - 2 potions of curing
 e - 2 potions of heal wounds
 l - a potion of mutation
 m - a potion of lignification {unknown}
 s - a potion of attraction


   Skills:
 - Level 2.1 Dodging
 - Level 1.5 Stealth
 + Level 5.0 Spellcasting


You couldn't memorise any spells.
You knew the following spells:

 Your Spells              Type           Power      Damage    Failure   Level
a - Freeze                Ice            84%        1d10      6%          1
b - Frozen Ramparts       Ice            42%        1d6       19%         3
c - Ozocubu's Armour      Ice            21%        N/A       19%         3
d - Hailstorm             Conj/Ice       21%        3d6       54%         4
e - Metabolic Englaciati  Hex/Ice        10%        N/A       87%         5
f - Summon Small Mammal   Summ           84%        N/A       6%          1
g - Wereblood             Tmut           21%        N/A       10%         2
Your spell library was empty.

Dungeon Overview and Level Annotations

Branches:
Dungeon (4/15)
 Temple: D:4-7

Altars:
Wu Jian

Shops:
D:4 :?


Innate Abilities, Weirdness & Mutations

You are immune to sickness and miasma.
You are immune to poison.
Your flesh is very heat resistant. (rF++)
You are vulnerable to cold. (rC-)
You float through the air rather than walking.
You learn spells naturally, not from books.
Your magical power is your life essence.
You have superior vitality. (+4 HP)


Message History

A film of ice covers your body!
Casting: Ozocubu's Armour (quite dangerous; 19% risk of failure)
Confirm with . or Enter, or press ? or * to list all spells.
You can't see any susceptible monsters within range! (Use Z to cast anyway.)
Casting: Ozocubu's Armour (quite dangerous; 19% risk of failure)
Confirm with . or Enter, or press ? or * to list all spells.
The spell is quite dangerous to cast (19% risk of failure)!
Continue anyway?
Casting: Frozen Ramparts (quite dangerous; 19% risk of failure)
Press: ? - help, Dir - look around, f - activate The walls around you are covered in ice.
Casting: Frozen Ramparts (quite dangerous; 19% risk of failure)
Confirm with . or Enter, or press ? or * to list all spells.
You don't know that spell.
Casting: Frozen Ramparts (quite dangerous; 19% risk of failure)
Confirm with . or Enter, or press ? or * to list all spells.
The wall freezes the orc.
Casting: Summon Small Mammal (safe; 6% risk of failure)
Confirm with . or Enter, or press ? or * to list all spells.
The wall freezes the orc.
You hit the orc.
The orc is severely wounded.
Your bat hits the orc but does no damage.
Your bat hits the orc.
The wall freezes the orc.
You kill the orc!
The wall freezes the orc priest.
Your quokka bites the orc priest.
Unknown command.
Casting: Summon Small Mammal (safe; 6% risk of failure)
Confirm with . or Enter, or press ? or * to list all spells.
The spell is potentially lethal to cast (54% risk of failure)!
Continue anyway?
Casting: Hailstorm (potentially lethal; 54% risk of failure)
Press: ? - help, Dir - look around, f - activate Really hailstorm near your bat?
You miscast Hailstorm.
You are very lightly contaminated with residual magic.
You are caught in a violent explosion!
* * * LOW HITPOINT WARNING * * *
x2 Your quokka bites the orc priest.
The wall freezes the orc priest.
The orc priest mumbles some strange prayers to Beogh against you.
Beogh smites you!
You die...

,*,,,,*_*,,,,#......#####.......#
**,,,,***,,,,#............#......
*,,,,,,,,,,,#......#######...###
*,,,,,,,,,,,###...## #...#
**,,,,,,,,,,,* #...# #...#
,*,,,,,,,,,,,###...## #...#
,*,,,,,,,,,,,#.'....# #...#
,*,,,,,,,,,,,###br..#######...#
,**************#@)o.......#...#
,,,,,,*,* *,*####.......#####
,*****,,*#***,* #.......# ,*
*,**#.**,* ##.......# ,*
*,+∩#..#,* #........# ,*
*****,...* #.o.÷...)# ,*
*,*###.####...###### ,*
*.,#......o......# ,*
*#.#...........#.#


You could see an orc priest (ally target), a friendly quokka (summoned) and a
friendly bat (summoned).

Vanquished Creatures
  2 adders
  3 worms
  2 dart slugs
  11 orcs
  4 bats
  4 endoplasms
  A giant cockroach (D:2)
  13 goblins
  8 hobgoblins
  9 jackals
  14 kobolds
  4 quokkas
  4 ball pythons
  5 frilled lizards
  A rat (D:3)
85 creatures vanquished.

Vanquished Creatures (collateral kills)
  A worm (D:4)
1 creature vanquished.

Grand Total: 86 creatures vanquished

Notes
Turn   | Place    | Note
-------+----------+-------------------------------------------
     0 | D:1      | mandarbmax the Djinni Ice Elementalist began the quest for
                  | the Orb.
     0 | D:1      | Reached XP level 1. HP: 15/15 MP: 0/0
   240 | D:1      | Reached XP level 2. HP: 20/21 MP: 0/0
   717 | D:1      | Reached XP level 3. HP: 24/25 MP: 0/0
   717 | D:1      | Learned a level 1 spell: Summon Small Mammal
  1271 | D:2      | Reached skill level 4 in Spellcasting
  1970 | D:2      | Reached XP level 4. HP: 19/31 MP: 0/0
  2960 | D:3      | Found an ornate altar of the Wu Jian Council.
  3434 | D:3      | Reached XP level 5. HP: 34/35 MP: 0/0
  3434 | D:3      | Learned a level 2 spell: Wereblood
  4165 | D:4      | Found Kigiaf's Magic Scroll Emporium.
  4191 | D:4      | Bought a scroll of blinking for 82 gold pieces
  4191 | D:4      | Bought a scroll of identify for 22 gold pieces
  4339 | D:4      | Reached skill level 5 in Spellcasting
  4343 | D:4      | Found Beuntir's Book Boutique.
  4643 | D:4      | Killed from afar by an orc priest

Illustrated notes

Levels and vault maps discovered:
D:1:      roderic_dead_forest, layout_basic
D:2:      layout_basic, minivault_11
D:3:      layout_loops_ring, nicolae_wu_jian_wuxing_cycle, minmay_misc_feat_iff,
          minmay_pentangle
D:4:      layout_basic, nicolae_qazlal_eye_of_the_storm, serial_shops,
          nicolae_shop_behind_doors, shop, nicolae_shop_statue_plus,
          nicolae_shop_window_shopping

Skill      XL: |  1  2  3  4  5 |
---------------+----------------+-----
Spellcasting   | 4 5 |  5.0
Dodging        | |  2.1
Stealth        | |  1.5

Action                   |  1- 3 |  4- 6 || total
-------------------------+-------+-------++-------
Melee: Quarterstaff      |     6 |   105 ||   111
 Cast: Freeze            |    54 |    25 ||    79
       Frozen Ramparts   |     1 |     3 ||     4
       Summon Small Mamm |       |     8 ||     8
       Ozocubu's Armour  |       |     3 ||     3
  Use: Scroll            |       |     5 ||     5
 Stab: Sleeping          |       |     1 ||     1
Armor: Robe              |     4 |       ||     4
       Ring mail         |     6 |    53 ||    59
Dodge: Dodged            |    31 |    79 ||   110

Table legend: (Time is in decaauts)
 A = Elapsed time spent in this place.
 B = Non-inter-level travel time spent in this place.
 C = Inter-level travel time spent in this place.
 D = Time resting spent in this place.
 E = Time spent auto-exploring this place.
 F = Levels seen in this place.
 G = Mean time per level.
                   A        B        C        D        E       F      G
               +--------+--------+--------+--------+--------+-----+--------+
         Total |   4676 |   4526 |    150 |   1258 |   2610 |   4 | 1169.0 |
       Dungeon |   4676 |   4526 |    150 |   1258 |   2610 |   4 | 1169.0 |
               +--------+--------+--------+--------+--------+-----+--------+

Top non-repeatable levels by time:
     D:3: 1515 daAuts
     D:2: 1479 daAuts
     D:1: 1403 daAuts
     D:4: 277 daAuts
